 Dungeon Sprint DCSS version 0.20-a0-1000-g0e8f6bb (webtiles) character file.

2025 Monsterracer the Arsonist (level 9, -3/52 HPs)
             Began as a Deep Elf Fire Elementalist on Apr 12, 2017.
             Was a High Priest of Vehumet.
             Killed from afar by an efreet (4 damage)
             ... with a bolt of fire
             ... in the Dungeon (Sprint V: "Ziggurat Sprint").
             The game lasted 00:09:34 (806 turns).

Monsterracer the Arsonist (DEFE)                     Turns: 806, Time: 00:09:35

Health: -3/52      AC: 13    Str:  5    XL:     9   Next: 3%
Magic:  10/24      EV:  2    Int: 32    God:    Vehumet [*****.]
Gold:   0          SH: 26    Dex: 18    Spells: 10/27 levels left

rFire    + + +     SeeInvis +   O - staff of conjuration
rCold    . . .     Gourm    .   k - +18 shield of the Gong {rElec rN+ MR+ EV-5}
rNeg     + + .     Faith    .   M - +3 scale mail of Feasting {rF+++ Regen+ rCorr Int-4}
rPois    +         Spirit   .   (no helmet)
rElec    +         Reflect  .   (no cloak)
rCorr    +         Harm     .   J - +1 pair of gloves {Dex+3}
MR       +....     NoTele   +   (no boots)
Stlth    +.........             K - amulet of the Swan {rPois rN+ Regen+ SInv}
Regen    1.0/turn               q - +6 ring of intelligence
MPRegen  0.2/turn               p - +6 ring of intelligence

@: very slightly contaminated, studying 2 skills
A: no striking features
a: Renounce Religion


You were in the Dungeon.
You worshipped Vehumet.
Vehumet was extremely pleased with you.
You were not hungry.

You visited 1 branch

Inventory:

Armour
 k - the +18 shield of the Gong (worn) {rElec rN+ MR+ EV-5}
   (You found it in the Dungeon)

   It affects your evasion (-5).
   It insulates you from electricity.
   It protects you from negative energy.
   It affects your resistance to hostile enchantments.
 l - a +3 large shield
 J - a +1 pair of gloves of dexterity (worn)
 M - the +3 scale mail of Feasting (worn) {rF+++ Regen+ rCorr Int-4}
   (You found it in the Dungeon)

   It affects your intelligence (-4).
   It renders you almost immune to fire.
   It increases your rate of regeneration.
   It protects you from acid and corrosion.
Magical Staves
 O - an uncursed staff of conjuration (weapon)
Jewellery
 j - an uncursed ring of flight
 n - a +6 ring of dexterity
 o - a +6 ring of dexterity
 p - a +6 ring of intelligence (right hand)
 q - a +6 ring of intelligence (left hand)
 r - a +6 ring of strength
 s - a +6 ring of strength
 K - the amulet of the Swan (around neck) {rPois rN+ Regen+ SInv}
   (You found it in the Dungeon)

   [amulet of regeneration]

   It protects you from poison.
   It protects you from negative energy.
   It lets you see invisible.
   It increases your rate of regeneration.
Scrolls
 i - 4 scrolls of blinking
 v - 4 scrolls of amnesia
 w - 3 scrolls of recharging
 x - 7 scrolls of fog
 y - a scroll of holy word
 z - 5 scrolls of identify
 A - 5 scrolls of remove curse
 B - 2 scrolls of fear
 N - 4 scrolls of enchant armour
Potions
 d - 7 potions of curing
 e - 10 potions of heal wounds
 f - 6 potions of haste
 g - 7 potions of magic
 h - 3 potions of berserk rage
 C - 2 potions of brilliance
 D - 2 potions of invisibility
 E - 4 potions of resistance
 G - 5 potions of agility
 H - 5 potions of might
Books
 F - a manual of Short Blades
 L - a manual of Earth Magic
Comestibles
 c - 5 bread rations
 m - 2 chunks of flesh
 t - 42 fruits
 u - 4 meat rations


   Skills:
 + Level 4.3 Fighting
 + Level 7.1 Armour
 + Level 6.9 Dodging
 - Level 2.4 Stealth
 - Level 4.4 Shields
 + Level 9.9 Spellcasting
 * Level 11.1 Conjurations
 * Level 11.6 Fire Magic


You had 10 spell levels left.
You knew the following spells:

 Your Spells              Type           Power        Failure   Level  Hunger
a - Flame Tongue          Conj/Fire      #####        1%          1    None
b - Throw Flame           Conj/Fire      ######       1%          2    None
c - Sticky Flame          Conj/Fire      #######.     5%          4    None
d - Fireball              Conj/Fire      #######...   19%         5    ###....
e - Conjure Flame         Conj/Fire      #######.     2%          3    None
f - Ensorcelled Hibernat  Hex/Ice        ###...       100%        2    None


Dungeon Overview and Level Annotations

Branches:
Dungeon (1/1)

Altars:
Ashenzari
Cheibriados
Dithmenos
Elyvilon
Fedhas
Gozag
Hepliaklqana
Kikubaaqudgha
Makhleb
Nemelex Xobeh
Okawaru
Qazlal
Ru
Sif Muna
Trog
Uskayaw
Vehumet
Wu Jian
Xom
Yredelemnul
Zin
The Shining One
Beogh
Jiyva
Lugonu


Message History

The hell hog breathes fire at you.
The fireball explodes!
The fireball engulfs you! You resist.
* * * LOW HITPOINT WARNING * * *
The fireball engulfs the fire elemental.
The fire elemental completely resists.
The fireball engulfs the hell hog.
The hell hog resists.
The fireball engulfs the fire elemental.
The fire elemental completely resists.
The fire elemental hits you. The fire elemental burns you! You resist.
* * * LOW HITPOINT WARNING * * *
The efreet gestures at you.
The bolt of fire hits the hell hog.
The hell hog resists.
The bolt of fire hits you! You resist.
* * * LOW HITPOINT WARNING * * *
The fire elemental hits you. The fire elemental burns you! You resist.
* * * LOW HITPOINT WARNING * * *
The efreet gestures at you.
The bolt of fire hits the hell hog.
The hell hog resists.
The bolt of fire hits you! You resist.
You die...

▓..[=}..▓
▓..![|..▓
▓.......▓
▓v......▓
▓..§....▓
.§RR...
▓.▓EhE▓.▓
▓...@...▓
▓▓▓▓▓▓▓▓▓


You could see a hell hog, 2 efreet, 2 fire elementals and a fire vortex.

Vanquished Creatures
  4 spriggans (D)
  2 golden eyes (D)
  An eye of draining (D)
  7 starcursed masses (D)
  A black bear (D)
  4 wolves (D)
  A bullfrog (D)
  A quasit (D)
  2 white imps (D)
  An ooze (D)
24 creatures vanquished.

Notes
Turn   | Place    | Note
-------+----------+-------------------------------------------
     0 | D        | Monsterracer the Deep Elf Fire Elementalist began the quest for the Orb.
     0 | D        | Reached XP level 1. HP: 10/10 MP: 6/6
     2 | D        | Found a deep blue altar of Sif Muna.
     2 | D        | Found a bloodstained altar of Trog.
     2 | D        | Found a sacrificial altar of Ru.
     2 | D        | Found a stormy altar of Qazlal.
     2 | D        | Found an iron altar of Okawaru.
     7 | D        | Became a worshipper of Vehumet
    11 | D        | Found a sparkling altar of Nemelex Xobeh.
    13 | D        | Found a corrupted altar of Lugonu.
    13 | D        | Found an ancient bone altar of Kikubaaqudgha.
    13 | D        | Found a burning altar of Makhleb.
    13 | D        | Found a viscous altar of Jiyva.
    13 | D        | Found a hazy altar of Hepliaklqana.
    17 | D        | Found an opulent altar of Gozag.
    18 | D        | Found a blossoming altar of Fedhas.
   107 | D        | Reached skill level 5 in Fire Magic
   107 | D        | Reached XP level 2. HP: 15/15 MP: 6/9
   138 | D        | Learned a level 2 spell: Throw Flame
   140 | D        | Entered arena 1.
   140 | D        | Noticed a wolf
   140 | D        | Noticed a bullfrog
   143 | D        | Killed a wolf
   143 | D        | Reached XP level 3. HP: 8/19 MP: 6/12
   143 | D        | Reached XP level 4. HP: 11/24 MP: 7/14
   147 | D        | Killed a bullfrog
   147 | D        | Reached XP level 5. HP: 13/28 MP: 3/16
   153 | D        | Learned a level 4 spell: Sticky Flame
   159 | D        | Learned a level 5 spell: Fireball
   163 | D        | Learned a level 3 spell: Conjure Flame
   309 | D        | Entered arena 2.
   309 | D        | Noticed an eye of draining
   309 | D        | Noticed a golden eye
   311 | D        | Killed a golden eye
   311 | D        | Reached * piety under Vehumet
   311 | D        | Offered knowledge of Sting by Vehumet.
   311 | D        | Reached skill level 1 in Fighting
   311 | D        | Reached XP level 6. HP: 34/34 MP: 11/18
   342 | D        | Got the +1 hand axe of the Distant Future {drain, +Fly rElec rC- rN+}
   350 | D        | Learned a level 2 spell: Ensorcelled Hibernation
   454 | D        | Entered arena 3.
   454 | D        | Noticed a spriggan
   454 | D        | Noticed a spriggan
   455 | D        | Killed a spriggan
   455 | D        | Reached ** piety under Vehumet
   455 | D        | Reached skill level 10 in Fire Magic
   455 | D        | Reached XP level 7. HP: 40/40 MP: 15/21
   456 | D        | Killed a spriggan
   456 | D        | Offered knowledge of Searing Ray by Vehumet.
   456 | D        | Reached skill level 5 in Dodging
   457 | D        | Reached skill level 10 in Conjurations
   579 | D        | Got the amulet of the Swan {rPois rN+ Regen+ SInv}
   589 | D        | Entered arena 4.
   589 | D        | Noticed a spriggan
   589 | D        | Noticed a spriggan
   590 | D        | Offered knowledge of Ignite Poison by Vehumet.
   590 | D        | Reached *** piety under Vehumet
   590 | D        | Killed a spriggan
   590 | D        | Reached XP level 8. HP: 48/48 MP: 16/23
   687 | D        | Got the +3 scale mail of Feasting {rF+++ Regen+ rCorr Int-4}
   706 | D        | Entered arena 5.
   706 | D        | Noticed a starcursed mass
   707 | D        | Reached **** piety under Vehumet
   711 | D        | Killed a starcursed mass
   712 | D        | Killed a starcursed mass
   712 | D        | Killed a starcursed mass
   712 | D        | Reached ***** piety under Vehumet
   712 | D        | Killed a starcursed mass
   712 | D        | Killed a starcursed mass
   714 | D        | Reached skill level 5 in Armour
   715 | D        | Killed a starcursed mass
   716 | D        | Killed a starcursed mass
   716 | D        | Reached XP level 9. HP: 14/52 MP: 9/24
   799 | D        | Entered arena 6.
   799 | D        | Noticed an efreet
   799 | D        | Noticed a hell hog
   799 | D        | Noticed an efreet
   806 | D        | HP: 2/52 [efreet/bolt of fire (6)]
   806 | D        | Killed from afar by an efreet

Vault maps used:
D:        sprint_v

Skill      XL: |  1  2  3  4  5  6  7  8 |
---------------+-------------------------+-----
Shields        | 2 3 4 |  4.4
Spellcasting   | 4 6 7 8 9 |  9.9
Conjurations   | 4 6 7 8 9 10 11 | 11.1
Fire Magic     | 5 7 8 9 10 11 | 11.6
Fighting       | 1 2 3 4 |  4.3
Dodging        | 3 4 6 |  6.9
Armour         | 7 |  7.1
Stealth        | |  2.4

Action                   |  1- 3 |  4- 6 |  7- 9 || total
-------------------------+-------+-------+-------++-------
Melee: Unarmed           |       |    20 |       ||    20
       Hand axe          |       |       |     1 ||     1
       Staff             |       |       |     4 ||     4
 Cast: Flame Tongue      |     2 |     6 |     3 ||    11
       Fireball          |       |     3 |    11 ||    14
       Sticky Flame      |       |       |     4 ||     4
  Use: Potion            |     1 |     1 |     2 ||     4
  Eat: Chunk             |       |       |     1 ||     1
Armor: Scale mail        |       |       |     8 ||     8
Dodge: Dodged            |       |       |     4 ||     4
Block: Shield            |       |     3 |    27 ||    30
